Map: [ESL] Goldenaura

Players

Scarlett - Winner!

  • Race: Zerg Zerg
  • Spawn Location: 5:00

Astrea

  • Race: Protoss Protoss
  • Spawn Location: 12:00

Event: ESL Spring 2024 Finals

VOD

Have the link to the VOD?

Description

Time

  • Played on: June 1, 2024, 11:20 a.m.
  • Length: 14:38

All games in this series

Show
View Real Time Build Order
Export as new Build Order

Scarlett Zerg - Winner!

Build Orders: Hatch First 

Get SALT Encoding   

  12  0:00  Drone  
  13  0:07  Drone  
  14  0:14  Drone, Extractor  
  15  0:21  Overlord  
  15  0:42  Drone x2  
  17  0:50  Hatchery  
  17  0:54  Drone  
  17  0:57  Drone  
  18  1:08  Extractor  
  17  1:13  Spawning Pool  
  17  1:17  Drone  
  17  1:20  Drone  
  18  1:26  Drone  
  19  1:38  Drone  
  20  1:47  Overlord  
  20  1:59  Queen  
  22  2:03  Drone, Queen  
  22  2:04  Zergling x2  
  26  2:10  Zergling x2  
  26  2:11  Metabolic Boost  
  26  2:14  Drone  
  28  2:21  Drone  
  29  2:24  Drone  
  30  2:31  Drone  
  30  2:35  Drone  
  32  2:39  Queen  
  34  2:47  Hatchery  
  33  2:51  Overlord  
  33  2:57  Zergling x2  
  34  3:01  Zergling x2  
  34  3:03  Zergling x2  
  36  3:13  Drone x5  
  41  3:22  Queen  
  41  3:23  Overlord  
  41  3:25  Drone  
  44  3:35  Overlord  
  44  3:41  Queen  
  44  3:43  Drone x3  
  44  3:48  Drone x3  
  52  3:54  Drone x4  
  55  3:58  Queen  
  57  4:05  Spore Crawler, Drone  
  57  4:06  Drone x2  
  57  4:08  Spore Crawler  
  57  4:09  Overlord  
  58  4:12  Drone x2  
  60  4:19  Drone  
  61  4:24  Overlord  
  61  4:25  Drone x4, Overlord  
  62  4:36  Drone x4  
  66  4:42  Overlord  
  66  4:50  Roach Warren, Hatchery  
  66  4:52  Drone x6  
  69  4:57  Drone x4  
  73  5:07  Drone x4  
  76  5:08  Extractor x2  
  76  5:09  Zergling x6  
  76  5:13  Evolution Chamber  
  76  5:18  Drone x2  
  76  5:20  Lair  
  78  5:24  Overlord, Extractor  
  78  5:26  Drone x6  
  83  5:30  Extractor  
  83  5:31  Extractor  
  81  5:35  Drone  
  81  5:36  Drone  
  81  5:39  Zergling x10  
  88  5:49  Zerg Missile Weapons Level 1  
  87  5:52  Spore Crawler, Drone x2  
  87  5:56  Roach x5  
  98  6:05  Overlord  
  98  6:09  Overlord, Roach x3  
  98  6:10  Overlord  
  104  6:16  Overlord x2  
  104  6:19  Hydralisk Den, Glial Reconstitution  
  104  6:22  Drone  
  104  6:28  Queen x3  
  104  6:30  Spire  
  104  6:31  Drone x11  
  121  6:40  Spore Crawler  
  121  6:46  Spore Crawler  
  121  6:48  Drone x10  
  130  7:01  Overlord  
  130  7:02  Drone x2, Overlord x3, Extractor x2  
  130  7:03  Drone x3  
  128  7:27  Overlord x4  
  128  7:34  Pneumatized Carapace  
  127  7:41  Corruptor  
  127  7:42  Zerg Flyer Weapons Level 1, Corruptor x11  
  146  7:46  Zerg Missile Weapons Level 2  
  146  7:51  Corruptor  
  146  7:53  Corruptor  
  146  7:58  Corruptor  
  150  8:03  Corruptor  
  158  8:05  Zergling x2, Roach x2  
  158  8:06  Zergling x14  
  166  8:14  Roach x7  
  166  8:19  Hatchery  
  179  8:22  Roach x3  
  185  8:28  Ravager x3  
  185  8:30  Zergling x14  
  185  8:31  Ravager  
  196  8:39  Ravager x2  
  197  8:51  Ravager x2  
  191  9:08  Ravager x7  
  191  9:09  Zergling x18  
  193  9:31  Roach x5  
  194  9:43  Zergling x2, Roach x4  
  160  10:01  Zergling x24, Roach x14  
  189  10:15  Drone  
  189  10:20  Hatchery  
  183  10:29  Corruptor x4  
  154  11:05  Hatchery  
  154  11:11  Zerg Flyer Weapons Level 2  
  150  11:12  Infestation Pit  
  150  11:14  Corruptor x4  
  150  11:17  Zergling x2  
  152  11:19  Hatchery, Roach x13  
  152  11:20  Ravager  
  152  11:21  Ravager x9  
  152  11:24  Zerg Melee Weapons Level 1  
  187  11:26  Baneling Nest  
  186  11:40  Zergling x22  
  193  12:07  Zergling x12  
  199  12:08  Hive  
  199  12:09  Centrifugal Hooks  
  192  12:29  Spine Crawler, Extractor  
  190  12:31  Extractor  
  190  12:34  Spine Crawler  
  180  12:43  Overseer x3  
  171  12:44  Roach  
  171  12:45  Roach x8  
  189  12:54  Corruptor  
  189  12:55  Corruptor x4  
  198  12:58  Ravager  
  198  12:59  Ravager  
  169  13:17  Zergling x32, Roach x18  
  191  13:24  Roach x3  
  189  13:34  Ravager  
  189  13:35  Ravager x4  
  191  13:49  Zergling x2  
  191  13:50  Zergling x16  
  200  13:55  Baneling x4  
  200  13:56  Baneling x9  
  200  13:58  Baneling x16  
  200  14:09  Overlord  
  188  14:10  Overlord x2  
  187  14:20  Zergling x26  
Show
View Real Time Build Order
Export as new Build Order

Astrea Protoss 

Build Orders: 1 Gate Expand, Oracle Opening, Archon Immortal, Carriers 

Get SALT Encoding   

  12  0:00  Probe  
  13  0:12  Probe  
  14  0:19  Pylon  
  14  0:24  Probe  
  15  0:37  Probe (Chrono Boost)  
  15  0:39  Gateway  
  16  0:46  Probe (Chrono Boost)  
  17  0:50  Assimilator  
  17  0:51  Probe  
  18  1:03  Probe  
  19  1:15  Probe  
  20  1:25  Nexus  
  20  1:29  Probe  
  21  1:39  Cybernetics Core  
  21  1:46  Assimilator  
  21  1:47  Probe  
  22  1:55  Pylon  
  22  1:59  Probe  
  23  2:12  Adept (Chrono Boost)  
  23  2:13  Probe (Chrono Boost)  
  26  2:22  Stargate  
  27  2:23  Probe (Chrono Boost)  
  27  2:28  Probe (Chrono Boost)  
  28  2:30  Warp Gate  
  28  2:33  Adept (Chrono Boost)  
  30  2:37  Probe  
  30  2:40  Probe  
  32  2:50  Probe  
  33  2:52  Probe  
  34  3:02  Probe  
  34  3:03  Oracle (Chrono Boost)  
  38  3:07  Probe  
  39  3:14  Probe  
  41  3:20  Probe  
  41  3:23  Pylon  
  41  3:27  Probe  
  42  3:30  Nexus  
  42  3:32  Probe  
  43  3:39  Probe  
  44  3:45  Void Ray (Chrono Boost), Probe  
  49  3:50  Gateway  
  47  3:56  Probe  
  47  3:58  Probe  
  47  4:01  Assimilator  
  49  4:04  Pylon  
  49  4:05  Assimilator  
  49  4:08  Probe (Chrono Boost)  
  50  4:12  Probe (Chrono Boost)  
  51  4:18  Pylon  
  51  4:21  Probe (Chrono Boost)  
  53  4:28  Probe (Chrono Boost), Pylon  
  53  4:29  Probe (Chrono Boost)  
  54  4:35  Fleet Beacon  
  54  4:36  Probe (Chrono Boost), Stargate  
  56  4:39  Probe (Chrono Boost)  
  56  4:43  Probe (Chrono Boost)  
  57  4:51  Adept, Pylon  
  62  4:52  Probe (Chrono Boost)  
  62  4:53  Probe x2 (Chrono Boost)  
  62  4:58  Probe (Chrono Boost)  
  62  4:59  Probe  
  63  5:01  Probe  
  65  5:09  Adept  
  65  5:10  Probe  
  65  5:11  Probe  
  65  5:12  Pylon  
  65  5:13  Probe  
  70  5:14  Shield Battery  
  76  5:21  Carrier (Chrono Boost)  
  76  5:24  Probe  
  76  5:25  Carrier (Chrono Boost)  
  76  5:28  Probe  
  84  5:29  Probe  
  84  5:32  Probe  
  85  5:38  Assimilator  
  85  5:40  Probe  
  85  5:41  Assimilator  
  87  5:45  Pylon  
  87  5:51  Probe x2  
  89  6:00  Probe  
  89  6:01  Pylon  
  90  6:05  Pylon, Probe  
  90  6:08  Forge, Twilight Council  
  91  6:16  Gateway  
  91  6:19  Carrier x2  
  103  6:29  Gateway  
  103  6:30  Protoss Ground Weapons Level 1  
  103  6:31  Gateway  
  103  6:35  Probe x2  
  105  6:43  Photon Cannon  
  105  6:44  Robotics Facility  
  105  6:48  Charge  
  105  6:50  Nexus  
  105  6:53  Pylon  
  105  6:58  Probe x3  
  105  7:00  Templar Archives  
  108  7:04  Pylon  
  108  7:10  Zealot x3  
  108  7:11  Probe  
  108  7:14  Probe  
  116  7:24  Probe x2  
  116  7:27  Pylon  
  116  7:28  Protoss Air Weapons Level 1 (Chrono Boost), Photon Cannon  
  118  7:30  Shield Battery  
  118  7:38  Probe x3  
  118  7:40  Immortal (Chrono Boost)  
  125  7:45  High Templar x4  
  125  7:49  Archon x2  
  125  7:50  Gateway, Probe  
  134  7:52  Gateway  
  134  7:53  Gateway, Probe  
  134  7:54  Assimilator  
  134  7:55  Photon Cannon  
  134  7:58  Assimilator, Gateway  
  135  8:00  Photon Cannon  
  135  8:02  Probe x2  
  137  8:10  Immortal (Chrono Boost)  
  141  8:18  Photon Cannon  
  141  8:19  Photon Cannon  
  138  8:20  Shield Battery  
  138  8:21  Photon Cannon  
  138  8:22  High Templar  
  138  8:23  High Templar  
  138  8:25  High Templar x2  
  146  8:27  Archon  
  146  8:29  Archon  
  146  8:32  Protoss Ground Weapons Level 2 (Chrono Boost)  
  146  8:34  Photon Cannon  
  146  8:36  Blink, Pylon  
  146  8:46  Shield Battery  
  146  8:48  Shield Battery, Observer  
  146  8:49  Pylon  
  146  8:55  High Templar x2  
  149  8:56  Zealot x4  
  149  9:01  Archon  
  157  9:07  High Templar  
  157  9:08  High Templar  
  157  9:12  Archon  
  157  9:13  Immortal (Chrono Boost)  
  157  9:16  Nexus  
  161  9:20  Pylon  
  161  9:25  Pylon  
  161  9:34  Pylon  
  161  9:38  Pylon x2  
  153  9:40  Pylon  
  153  9:45  High Templar x4  
  144  9:50  Archon  
  144  9:51  Archon  
  146  9:56  Immortal  
  145  10:03  Photon Cannon  
  145  10:04  Photon Cannon  
  130  10:07  Carrier (Chrono Boost)  
  132  10:20  Shield Battery  
  127  10:24  Zealot x5  
  143  10:38  Protoss Air Weapons Level 2 (Chrono Boost)  
  143  10:39  Carrier (Chrono Boost)  
  143  10:49  Zealot x5  
  149  10:51  Warp Prism  
  147  11:08  Carrier (Chrono Boost)  
  147  11:11  Protoss Ground Weapons Level 3 (Chrono Boost)  
  151  11:14  Mothership (Chrono Boost)  
  151  11:17  Zealot x5  
  152  11:21  Psionic Storm  
  152  11:23  Photon Cannon  
  152  11:24  Nexus  
  152  11:27  Pylon  
  151  11:38  Immortal  
  155  11:40  High Templar x2  
  157  11:47  Zealot  
  151  11:56  Gateway  
  151  12:00  Gateway x2  
  151  12:02  Gateway  
  151  12:08  Carrier (Chrono Boost)  
  155  12:19  Nexus, Immortal  
  159  12:29  High Templar x2  
  163  12:30  High Templar x2  
  165  12:38  Stalker  
  165  12:39  Photon Cannon  
  165  12:40  Photon Cannon  
  165  12:41  Shield Battery  
  165  12:48  Carrier (Chrono Boost)  
  159  12:59  Carrier (Chrono Boost)  
  159  13:02  Pylon  
  147  13:14  Archon x2  
  125  13:20  Immortal  
  125  13:21  High Templar  
  103  13:28  High Templar  
  103  13:32  Nexus  
  104  13:34  Zealot x4  
  104  13:36  High Templar  
  104  13:37  Carrier (Chrono Boost)  
  112  13:51  High Templar  
  112  13:52  High Templar  
  114  13:55  Archon  
  114  14:01  Nexus  
  120  14:05  Zealot x5  
  123  14:12  Archon  
  123  14:21  High Templar x2  
  108  14:27  Archon  
Tags
 
Add a new tag
Caveats
  • Supply blocks, unpowered buildings, or Contaminate may cause inaccurate times.
  • Supply counts are checked every 10 seconds.